 Dungeon Crawl Stone Soup version 0.28-a0-1518-gbe868bca14 (webtiles) character file.

Game seed: 17754456379542322979

16916 Nattfarinn the Nimble (level 12, -5/93 HPs)
             Began as a Djinni Wanderer on Jan 17, 2022.
             Was the Champion of Okawaru.
             Slain by a flayed ghost (21 damage)
             ... on level 10 of the Dungeon.
             The game lasted 00:44:34 (15915 turns).

Nattfarinn the Nimble (Djinni Wanderer)            Turns: 15915, Time: 00:44:35

Health: -5/93      AC: 13    Str: 14    XL:     12   Next: 76%
Gold:   1075       EV: 21    Int: 20    God:    Okawaru [******] SH:  0 Dex: 13

rFire   + + +      SeeInvis +   G - +4 hand axe "Widowmaker" {flame, Will+ Int+4}
rCold   + . .      Faith    .   L - orb {mayhem}
rNeg    . . .      Spirit   .   m - +3 leather armour {rC+}
rPois   ∞          Reflect  .   J - +2 helmet {SInv}
rElec   .          Harm     .   (no cloak)
rCorr   .          Rampage  .   S - +2 pair of gloves
Will    ++...                   (boots unavailable)
Stlth   ++........              Q - amulet of regeneration
HPRegen 1.05/turn               o - +4 ring of evasion
MPRegen 0.00/turn               E - ring "Bagy" {rF+ rC+ Slay+4}

@: flying
A: sickness immunity, fire resistance 2, cold vulnerability 1, float, innate
caster, hp casting, extra vitality 1
a: Renounce Religion, Heroism, Finesse, Duel


You were on level 10 of the Dungeon.
You worshipped Okawaru.
Okawaru was exalted by your worship.
You visited 2 branches of the dungeon, and saw 11 of its levels.
You also visited: Bailey.

You collected 1075 gold pieces.

Inventory:

Hand Weapons
 a - a +0 dagger
 d - a +5 demon trident
 A - a +0 flail of holy wrath
 G - the +4 hand axe "Widowmaker" (weapon) {flame, Will+ Int+4}
   (You found it on level 7 of the Dungeon)

   It burns those it strikes, dealing additional fire damage.
   Big, fiery blades are also staple armaments of hydra-hunters.
   Int:       It affects your intelligence (+4).
   Will:      It increases your willpower.
Missiles
 c - 6 atropa-tipped darts
 D - a throwing net
Armour
 m - a +3 leather armour of cold resistance (worn)
 J - a +2 helmet of see invisible (worn)
 L - an orb of mayhem (worn)
 S - a +2 pair of gloves (worn)
 T - the +2 helmet of Pan-Flutes {Str+6 Int+3}
   (Okawaru gifted it to you on level 10 of the Dungeon)

   Str:       It affects your strength (+6).
   Int:       It affects your intelligence (+3).
Jewellery
 l - an amulet of reflection
 o - a +4 ring of evasion (left hand)
 w - a +4 ring of evasion
 E - the ring "Bagy" (right hand) {rF+ rC+ Slay+4}
   (You took it off a centaur on level 10 of the Dungeon)

   [ring of slaying]

   Slay:      It affects your accuracy & damage with ranged weapons and melee
   (+4).
   rF:        It protects you from fire.
   rC:        It protects you from cold.
 I - the ring "Eceuw" {Fly rF+ Will+}
   (You took it off an orc in a bailey)

   [ring of flight]

   rF:        It protects you from fire.
   Fly:       It grants you flight.
   Will:      It increases your willpower.
 O - a ring of fire
 Q - an amulet of regeneration (around neck)
Wands
 F - a wand of iceblast (9)
 H - a wand of acid (7)
 P - a wand of mindburst (15)
 R - a wand of flame (8)
Scrolls
 b - a scroll of magic mapping
 g - a scroll of amnesia {unknown}
 n - a scroll of torment {unknown}
 p - 2 scrolls of silence
 q - a scroll of summoning
 r - 5 scrolls of teleportation
 x - 2 scrolls of immolation
 y - 2 scrolls of vulnerability
 z - a scroll of blinking {unknown}
 C - 2 scrolls of enchant weapon
Potions
 e - a potion of brilliance
 f - a potion of resistance
 h - 3 potions of might
 i - 3 potions of magic
 j - a potion of heal wounds {unknown}
 k - a potion of curing
 s - a potion of cancellation
 t - a potion of berserk rage {unknown}
 u - a potion of haste {unknown}
 v - a potion of mutation {unknown}
 B - a potion of degeneration {unknown}
 K - 2 potions of ambrosia {unknown}
 M - a potion of invisibility {unknown}
 N - a potion of attraction {unknown}


   Skills:
 - Level 10.7 Fighting
 - Level 8.1 Armour
 - Level 12.2 Dodging
 - Level 2.1 Stealth
 - Level 3.6 Unarmed Combat
 + Level 7.4 Spellcasting
 - Level 3.0 Evocations


You had 7 spell levels left.
You knew the following spells:

 Your Spells              Type           Power      Damage    Failure   Level
a - Inner Flame           Hex/Fire       37%        N/A       1%          3
b - Foxfire               Conj/Fire      100%       2x1d9     1%          1
c - Pain                  Necr           100%       1d9       1%          1
d - Scorch                Fire           74%        2d8       1%          2
e - Swiftness             Air            37%        N/A       1%          3
f - Tukima's Dance        Hex            37%        N/A       1%          3
g - Summon Forest         Summ/Tloc      18%        N/A       14%         5

Your spell library contained the following spells:

 Spells                   Type           Power      Damage    Failure   Level


Dungeon Overview and Level Annotations

Branches:
Dungeon (10/15)            Temple (1/1) D:5            Lair (0/6) D:10
    Orc (0/2) D:9          Bailey (visited)

Altars:
Ashenzari
Cheibriados
Dithmenos
Elyvilon
Fedhas
Gozag
Hepliaklqana
Kikubaaqudgha
Makhleb
Nemelex Xobeh
Okawaru
Qazlal
Ru
Sif Muna
Trog
Uskayaw
Vehumet
Wu Jian
Xom
Yredelemnul
Zin
The Shining One

Shops:
D:10 !

Annotations:
D:2 1 runed translucent door, Crazy Yiuf
D:4 2 transporters
D:9 2 runed translucent doors, generaletaddeo's ghost, novice SpAr
D:10 1 runed translucent door, nogo's ghost, journeyman FoFi


Innate Abilities, Weirdness & Mutations

You are immune to sickness and miasma.
You are immune to poison.
Your flesh is very heat resistant. (rF++)
You are vulnerable to cold. (rC-)
You float through the air rather than walking.
You learn spells naturally, not from books.
Your magical power is your life essence.
You have superior vitality. (+4 MHP)


Message History

The flayed ghost resists with significant effort.
The centaur unwields a +1 vorpal shortbow.
The centaur wields a +3 spear.
The centaur completely misses you. The centaur misses you.
The flayed ghost hits you!!
Casting: Inner Flame (safe; 1% risk of failure)
Confirm with . or Enter, or press ? or * to list all spells.
Aiming: Inner Flame (safe; 1% risk of failure)
Press: ? - help, Dir - move target, f/p - flayed ghost
Aim: a flayed ghost (lightly damaged, more vulnerable to fire, chance to affect: 61%)
The flayed ghost is filled with an inner flame.
The centaur hits you with a +3 spear.
The centaur kicks you but does no damage.
The flayed ghost barely misses you. The centaur hits you with a +3 spear.
The centaur closely misses you.
Casting: Inner Flame (safe; 1% risk of failure)
Confirm with . or Enter, or press ? or * to list all spells.
Aiming: Inner Flame (safe; 1% risk of failure)
Press: ? - help, Dir - move target, f - centaur, p - flayed ghost
Aim: a centaur, wielding a +3 spear, wearing a ring of magical power and quivering arrows (chance to affect: 88%)
The centaur is filled with an inner flame.
A two-headed ogre comes into view. It is wielding two +0 giant clubs.
The centaur hits you but does no damage.
The centaur barely misses you. The flayed ghost hits you!!
* * * LOW HITPOINT WARNING * * *
Casting: Inner Flame (safe; 1% risk of failure)
Confirm with . or Enter, or press ? or * to list all spells.
Okay, then.
Unknown command.
Casting: Inner Flame (safe; 1% risk of failure)
Confirm with . or Enter, or press ? or * to list all spells.
Flames lash the flayed ghost.
The flayed ghost is burned terribly!
Flame seeps out of the flayed ghost.
The flayed ghost is heavily damaged.
* * * LOW HITPOINT WARNING * * *
The centaur hits you with a +3 spear.
* * * LOW HITPOINT WARNING * * *
The centaur barely misses you.
The flayed ghost is engulfed in blazing flames.
Flame seeps out of the flayed ghost.
The flayed ghost hits you!!
You die...

...........##
...#........##
...#>........#
....#......####
....#.#....##.#
....#....(###.####
.........(.[.....##
....[.....)[).....#
..............#.@##
..............##Wc#
.##.........####..#
..####....### #(.#
#..# ##...# ....
...........# ...O.
##....#..### ###'##
# ..###### .. # ...


You could see a flayed ghost (inner flame, combustible), a two-headed ogre and a
centaur (inner flame).

Vanquished Creatures
  A frost giant (D:10)
  A yaktaur captain (D:10)
  2 ogre magi (D:10)
  A death knight (D:10)
  3 centaur warriors (D:10)
  A two-headed ogre (D:10)
  Urug (D:10)
  A deep troll (D:10)
  An orc knight (Bailey)
  Pikel (D:4)
  A deep elf pyromancer (D:10)
  2 cyclopes (D:10)
  6 centaur zombies
  An elephant (D:10)
  A meliai (D:10)
  A troll (D:10)
  A shadow (D:10)
  4 yaks (D:10)
  A basilisk (D:10)
  Eustachio (D:4)
  Grum (D:10)
  A redback (D:10)
  An acid dragon (D:10)
  2 water moccasins
  An ice beast (D:5)
  A sky beast (D:5)
  7 orc warriors
  6 ogres
  4 black bears
  A necrophage (D:8)
  A boggart (D:10)
  3 wolves (D:10)
  6 centaurs
  3 kobold brigands
  4 bullfrogs
  6 scorpions
  8 killer bees
  3 jellies
  An orc priest (D:9)
  A bullfrog skeleton (D:7)
  A hound (D:5)
  A centaur skeleton (D:7)
  2 gnoll shamans
  Terence (D:2)
  2 iguanas (D:5)
  8 orc wizards
  A killer bee zombie (D:8)
  2 howler monkey zombies
  8 gnolls
  6 adders
  A howler monkey skeleton (D:7)
  A white imp (D:5)
  An ufetubus (D:5)
  3 adder skeletons
  2 worms
  3 dart slugs
  29 orcs
  8 endoplasms
  4 giant cockroaches
  2 goblins (D:1)
  8 hobgoblins
  3 jackals (D:2)
  23 kobolds
  3 quokkas
  6 ball pythons
  6 bats
  6 frilled lizards
  3 rats
237 creatures vanquished.

Vanquished Creatures (collateral kills)
  A wight (D:10)
  A gnoll shaman (D:9)
  An orc wizard (D:9)
  A gnoll (D:9)
  14 orcs
  A foxfire (D:10)
19 creatures vanquished.

Vanquished Creatures (others)
  1250 foxfires
1250 creatures vanquished.

Grand Total: 1506 creatures vanquished

Notes
Turn   | Place    | Note
-------+----------+-------------------------------------------
     0 | D:1      | Nattfarinn the Djinni Wanderer began the quest for the Orb.
     0 | D:1      | Reached XP level 1. HP: 15/15 MP: 0/0
     3 | D:1      | Noticed an electric eel
     4 | D:1      | Noticed an electric eel
   224 | D:1      | Reached XP level 2. HP: 18/21 MP: 0/0
   964 | D:1      | Reached XP level 3. HP: 21/25 MP: 0/0
   964 | D:1      | Learned a level 1 spell: Pain
  2080 | D:2      | Found a faded altar of an unknown god.
  2154 | D:2      | Reached XP level 4. HP: 26/31 MP: 0/0
  2304 | D:2      | Noticed Terence
  2341 | D:2      | Killed Terence
  2683 | D:2      | Reached XP level 5. HP: 19/35 MP: 0/0
  2683 | D:2      | Learned a level 2 spell: Scorch
  3566 | D:2      | Found a runed translucent door.
  3567 | D:2      | Noticed Crazy Yiuf
  4655 | D:3      | Found a sparkling altar of Nemelex Xobeh.
  5210 | D:3      | Noticed a tengu
  5210 | D:3      | a scorpion changed into a tengu
  5602 | D:4      | Noticed Eustachio
  5611 | D:4      | Killed Eustachio
  5612 | D:4      | Reached XP level 6. HP: 43/43 MP: 0/0
  5658 | D:4      | Found a transporter.
  5833 | D:4      | Noticed Pikel
  5854 | D:4      | Killed Pikel
  5855 | D:4      | Reached XP level 7. HP: 27/53 MP: 0/0
  5855 | D:4      | Learned a level 3 spell: Swiftness
  5855 | D:4      | Reached XP level 8. HP: 30/58 MP: 0/0
  6237 | D:4      | Found a transporter.
  6866 | D:5      | Entered Level 5 of the Dungeon
  6937 | D:5      | Reached skill level 5 in Fighting
  7174 | D:5      | Reached skill level 5 in Armour
  7638 | D:5      | Reached XP level 9. HP: 61/66 MP: 0/0
  7638 | D:5      | Learned a level 3 spell: Tukima's Dance
  8156 | D:5      | Found a staircase to the Ecumenical Temple.
  8178 | Temple   | Entered the Ecumenical Temple
  8428 | Temple   | Became a worshipper of Warmaster Okawaru
  9606 | D:6      | Reached * piety under Okawaru
  9607 | D:6      | Reached skill level 5 in Spellcasting
  9777 | D:6      | Reached XP level 10. HP: 63/77 MP: 0/0
 10387 | D:7      | Found a flagged portal.
 10395 | D:7      | Identified the +4 hand axe "Widowmaker" {flame, Will+
                  | Int+4}
 10400 | Bailey   | Entered a bailey
 10514 | Bailey   | Noticed an orc knight
 11217 | Bailey   | Killed an orc knight
 11217 | Bailey   | Reached ** piety under Okawaru
 11329 | Bailey   | Identified the ring "Eceuw" {Fly rF+ Will+}
 12912 | D:9      | Reached skill level 10 in Fighting
 13131 | D:9      | Found a large runed translucent door.
 13132 | D:9      | Found a large runed translucent door.
 13137 | D:9      | Noticed generaletaddeo's ghost (novice SpAr)
 13393 | D:9      | Reached *** piety under Okawaru
 13618 | D:9      | Found a staircase to the Orcish Mines.
 14279 | D:10     | Entered Level 10 of the Dungeon
 14286 | D:10     | Noticed Urug
 14453 | D:10     | Reached XP level 11. HP: 82/86 MP: 0/0
 14453 | D:10     | Learned a level 5 spell: Summon Forest
 14457 | D:10     | Killed Urug
 14588 | D:10     | Reached skill level 1 in Dodging
 14591 | D:10     | Reached skill level 2 in Dodging
 14595 | D:10     | Reached skill level 4 in Dodging
 14606 | D:10     | Noticed Grum
 14610 | D:10     | Reached **** piety under Okawaru
 14617 | D:10     | Killed Grum
 14618 | D:10     | Reached skill level 5 in Dodging
 14710 | D:10     | Found a runed translucent door.
 14710 | D:10     | Noticed nogo's ghost (journeyman FoFi)
 14728 | D:10     | Noticed an elephant
 14781 | D:10     | Killed an elephant
 14799 | D:10     | Found a staircase to the Lair.
 14809 | D:10     | Found Nadounom's Distillery.
 14813 | D:10     | Reached skill level 6 in Dodging
 14881 | D:10     | Reached ***** piety under Okawaru
 14887 | D:10     | Noticed an ogre mage
 14888 | D:10     | Noticed a centaur warrior
 14890 | D:10     | Noticed a centaur warrior
 14892 | D:10     | Killed an ogre mage
 14892 | D:10     | Received a gift from Okawaru
 14892 | D:10     | Killed a centaur warrior
 14893 | D:10     | Reached skill level 8 in Dodging
 14901 | D:10     | Killed a centaur warrior
 14913 | D:10     | Received a gift from Okawaru
 15029 | D:10     | Identified the ring "Bagy" {rF+ rC+ Slay+4}
 15047 | D:10     | Reached skill level 9 in Dodging
 15059 | D:10     | Noticed a yaktaur captain
 15071 | D:10     | Killed a yaktaur captain
 15105 | D:10     | Identified the +2 helmet of Pan-Flutes {Str+6 Int+3}
                  | (Okawaru gifted it to you on level 10 of the Dungeon)
 15105 | D:10     | Received a gift from Okawaru
 15106 | D:10     | Reached XP level 12. HP: 80/93 MP: 0/0
 15106 | D:10     | Noticed a deep troll
 15110 | D:10     | Killed a deep troll
 15111 | D:10     | Reached skill level 10 in Dodging
 15118 | D:10     | Noticed a centaur warrior
 15119 | D:10     | Killed a centaur warrior
 15119 | D:10     | Reached ****** piety under Okawaru
 15184 | D:10     | Noticed a frost giant
 15349 | D:10     | Reached skill level 11 in Dodging
 15351 | D:10     | Noticed a two-headed ogre
 15357 | D:10     | Killed a two-headed ogre
 15637 | D:10     | Killed a frost giant
 15638 | D:10     | Reached skill level 12 in Dodging
 15754 | D:10     | Noticed an ogre mage
 15765 | D:10     | Killed an ogre mage
 15858 | D:10     | Noticed a death knight
 15868 | D:10     | Killed a death knight
 15904 | D:10     | Noticed a flayed ghost
 15914 | D:10     | Noticed a two-headed ogre
 15915 | D:10     | Slain by a flayed ghost

Illustrated notes

Levels and vault maps discovered:
D:1:      arrival_aquarium_b, layout_basic
D:2:      layout_loops_ring, chequers_ecumenical_altar_simple, uniq_terence,
          uniq_crazy_yiuf_cottage
D:3:      layout_loops_ring, mainiacjoe_overflow_concentric_impassable
D:4:      gammafunk_cloud_chamber, layout_gridville, serial_co_window_serial,
          co_window_of_opportunity_a, co_window_paths_a, co_window_paths_a,
          co_window_corner_a, co_window_of_opportunity_a, co_window_corner_a,
          co_window_corner_a, co_window_corner_a, co_window_paths_a,
          co_window_2corner, co_window_broadway_b, co_window_unsneaky_path_d,
          co_window_corner_cb, co_window_unsneaky_path_e,
          co_window_of_opportunity_c, co_window_corner_ca, uniq_eustachio,
          uniq_pikel
D:5:      minmay_recursive_quarters, layout_loops_ring,
          minmay_temple_entry_antechambers, nicolae_ossuary_entry_plus
D:6:      layout_basic
D:7:      layout_cave_pools, enter_bailey_2
D:8:      layout_loops_cross
D:9:      layout_cave_pods, hiddenorc1_lemuel, ebering_ghost_disaster_area,
          corner_web_ring, lemuel_old_faithful
D:10:     layout_cave_pools, david_lair_generic, gammafunk_ghost_grave,
          serial_shops, shop_statue, nicolae_rejected_hall, uniq_grum, uniq_urug
Temple:   mainiacjoe_temple_hex_bubbles

Skill      XL: |  1  2  3  4  5  6  7  8  9 10 11 12 |
---------------+-------------------------------------+-----
Spellcasting   | 2 3 4 5 6 7 |  7.4
Stealth        | 2 |  2.1
Evocations     | 3 |  3.0
Fighting       | 2 4 6 8 10 | 10.7
Armour         | 3 4 5 6 7 8 |  8.1
Dodging        | 9 12 | 12.2
Unarmed Combat | |  3.6

Action                   |  1- 3 |  4- 6 |  7- 9 | 10-12 || total
-------------------------+-------+-------+-------+-------++-------
Melee: Dagger            |     5 |    15 |    12 |       ||    32
       Punch             |     2 |       |     1 |       ||     3
       Hand axe          |       |       |       |    17 ||    17
 Cast: Foxfire           |   104 |   144 |   226 |   296 ||   770
       Inner Flame       |       |     2 |     2 |    77 ||    81
       Scorch            |       |     1 |    20 |   103 ||   124
Evoke: Wand              |       |    10 |     2 |     1 ||    13
  Use: Scroll            |       |     1 |       |    21 ||    22
       Potion            |       |       |       |     2 ||     2
Armor: Robe              |     2 |     4 |     1 |       ||     7
       Leather armour    |       |       |    24 |    41 ||    65
Dodge: Dodged            |    25 |    17 |    75 |   126 ||   243
Block: Other             |       |     4 |    17 |     7 ||    28
       Orb               |       |       |       |    10 ||    10
       Reflection        |       |       |       |     4 ||     4

Table legend: (Time is in decaauts)
 A = Elapsed time spent in this place.
 B = Non-inter-level travel time spent in this place.
 C = Inter-level travel time spent in this place.
 D = Time resting spent in this place.
 E = Time spent auto-exploring this place.
 F = Levels seen in this place.
 G = Mean time per level.
                   A        B        C        D        E       F      G
               +--------+--------+--------+--------+--------+-----+--------+
         Total |  15928 |  15271 |    657 |   1905 |  11271 |  12 | 1327.3 |
       Dungeon |  14543 |  13935 |    608 |   1905 |  10221 |  10 | 1454.3 |
        Temple |    287 |    238 |     49 |      0 |    237 |   1 |  287.0 |
        Bailey |   1097 |   1097 |      0 |      0 |    813 |   1 | 1097.0 |
               +--------+--------+--------+--------+--------+-----+--------+

Top non-repeatable levels by time:
     D:2: 2394 daAuts
     D:9: 2042 daAuts
     D:5: 1889 daAuts
     D:1: 1687 daAuts
     D:4: 1438 daAuts
     D:3: 1346 daAuts
     D:6: 1304 daAuts
  Bailey: 1097 daAuts
    D:10: 1012 daAuts
     D:8: 836 daAuts
     D:7: 591 daAuts
  Temple: 287 daAuts
